 Dungeon Crawl Stone Soup version 0.26-a0-812-g31a745ddcd (webtiles) character file.

Game seed: 8347320428586373428

100 Dracia the Ruffian (level 4, -4/35 HPs)
             Began as a Draconian Transmuter on Nov 30, 2020.
             Slain by Grinder (7 damage)
             ... on level 2 of the Dungeon.
             The game lasted 00:05:13 (2529 turns).

Dracia the Ruffian (Draconian Transmuter)           Turns: 2529, Time: 00:05:14

Health: -4/35      AC:  5    Str: 13    XL:     4   Next: 46%
Magic:  4/7        EV: 12    Int: 13    God:
Gold:   40         SH:  0    Dex: 12    Spells: 1/7 levels left

rFire    . . .     SeeInvis .     - Unarmed
rCold    . . .     Faith    .   (no shield)
rNeg     . . .     Spirit   .   (armour unavailable)
rPois    .         Reflect  .   (helmet currently unavailable)
rElec    .         Harm     .   (no cloak)
rCorr    .         Rampage  .   (no gloves)
MR       .....                  (boots currently unavailable)
Stlth    +.........             (no amulet)
HPRegen  0.11/turn              (no ring)
MPRegen  0.10/turn              (no ring)

@: appendages, wereblooded
A: unfitting armour, horns 2, talons 2, cold-blooded, AC +5
a: End Transformation


You were on level 2 of the Dungeon.
You had grown temporary horns.
You had grown temporary talons.
You visited 1 branch of the dungeon, and saw 3 of its levels.

You collected 40 gold pieces.


Innate Abilities, Weirdness & Mutations

Your plain brown scales are hard. (AC +5)
You cannot fit into any form of body armour.
You are cold-blooded and may be slowed by cold attacks.
You have a pair of horns on your head.
You have razor-sharp toenails.


   Skills:
 - Level 1.1 Fighting
 - Level 1.7 Dodging
 + Level 4.3 Unarmed Combat
 - Level 2.0 Spellcasting
 + Level 3.6 Transmutations


You had one spell level left.
You knew the following spells:

 Your Spells              Type           Power        Failure   Level
a - Beastly Appendage     Tmut           ##....       6%          1
b - Wereblood             Tmut           ##......     9%          2
c - Spider Form           Tmut/Pois      #.........   36%         3

Your spell library contained the following spells:

 Spells                   Type           Power        Failure   Level
 Ice Form                 Ice/Tmut       #.......     77%         4
 Blade Hands              Tmut           ##........   85%         5

Inventory:

Jewellery
 d - an uncursed ring of ice {unknown}
Scrolls
 a - 5 scrolls of identify {unknown}
 f - 2 scrolls of remove curse {unknown}
 g - a scroll of teleportation {unknown}
 j - a scroll of magic mapping {unknown}
 k - a scroll of enchant weapon {unknown}
Potions
 b - a potion of berserk rage {unknown}
 c - a potion of might
 e - a potion of lignification {unknown}
 h - a potion of flight {unknown}
 i - a potion of curing {unknown}

Dungeon Overview and Level Annotations

Branches:
Dungeon (3/15)

Altars:
Cheibriados
Dithmenos

Annotations:
D:2 Grinder
D:3 Robin

..............####..#.#..........
###############.............##...
.........##....###..#.###....'...
###.###..##....###..#.##....##...
#...#...........<...#.##....##...
'...+...####....###.#.##....##...
#...#...####)...+......+....##...
...........#...######.##....##...
###'######+#..##@##....+....##...
#......#.....#hg5###.##....##...
#......+....##.⌠.#..............
#......#....##...###.#........(.
#.......#'#.+##..#...........#..
#.......#.#######..#........###.
#.......#.##...##.......##..###.
#.......'.#<.⌠..'.⌠.#...###..#..
##.......#.##...##...#...)##.....


You could see Grinder, a jackal and a hobgoblin (strong).


Message History

Confirm with . or Enter, or press ? or * to list all spells.
Your blood is infused with primal strength.
Grinder barely misses you. The jackal closely misses you.
The hobgoblin barely misses you.
Unknown command.
You closely miss Grinder. Your headbutt misses Grinder. Grinder hits you.
You writhe in agony.
The jackal closely misses you. The hobgoblin closely misses you.
You hit Grinder. You tail-slap Grinder.
Grinder is moderately wounded.
The jackal misses you. Grinder gestures at you. Pain shoots through your body!
* * * LOW HITPOINT WARNING * * *
You are too injured to fight recklessly!
You are too injured to fight recklessly!
Unknown command.
Unknown command.
You are too injured to fight recklessly!
You are too injured to fight recklessly!
Unknown command.
You hit Grinder. Your headbutt misses Grinder.
Grinder is heavily wounded.
The jackal closely misses you. The hobgoblin closely misses you.
Grinder barely misses you. The jackal bites you.
* * * LOW HITPOINT WARNING * * *
You hit Grinder. You headbutt Grinder!
Your tail-slap misses Grinder.
Grinder is almost dead.
The hobgoblin closely misses you. Grinder hits you!
You die...

Skill      XL: |  1  2  3 |
---------------+----------+-----
Transmutations | 3 |  3.6
Unarmed Combat | 4 |  4.3
Fighting       | |  1.1
Dodging        | |  1.7
Spellcasting   | |  2.0

Action                   |  1- 3 |  4- 6 || total
-------------------------+-------+-------++-------
Melee: Unarmed           |   117 |    32 ||   149
       Kick              |    15 |     2 ||    17
       Tailslap          |     7 |     2 ||     9
       Headbutt          |     8 |     5 ||    13
       Punch             |     2 |     1 ||     3
 Cast: Beastly Appendage |    20 |     3 ||    23
       Wereblood         |     1 |     1 ||     2
Armor: Skin              |    37 |    11 ||    48
Dodge: Dodged            |    71 |    32 ||   103

Levels and vault maps discovered:
D:1:      lightli_arrival_quake, layout_basic, interstate_on_off, minmay_tripent
D:2:      layout_basic, cheibriados_altar_1, nicolae_dithmenos_shadow_blocks,
          nrook_uturn, grunt_ministairs_4
D:3:      layout_rooms, lemuel_round_altar, nicolae_overflow_crystal_walls,
          nicolae_ashenzari_panopticon, uniq_grinder, uniq_robin

Notes
Turn   | Place    | Note
-------+----------+-------------------------------------------
     0 | D:1      | Dracia the Draconian Transmuter began the quest for the
                  | Orb.
     0 | D:1      | Reached XP level 1. HP: 16/16 MP: 3/3
   206 | D:1      | Reached XP level 2. HP: 17/23 MP: 3/5
   322 | D:1      | Learned a level 2 spell: Wereblood
   917 | D:1      | Reached XP level 3. HP: 23/28 MP: 4/6
  1166 | D:2      | Reached skill level 3 in Transmutations
  1367 | D:2      | Found a snail-covered altar of Cheibriados.
  1487 | D:2      | Reached skill level 4 in Unarmed Combat
  1637 | D:2      | Reached XP level 4. HP: 32/35 MP: 3/7
  1944 | D:2      | Found a shadowy altar of Dithmenos.
  1952 | D:2      | Learned a level 3 spell: Spider Form
  2518 | D:3      | Noticed Grinder
  2518 | D:3      | Noticed Robin
  2528 | D:2      | HP: 3/35 [jackal (2)]
  2529 | D:2      | Slain by Grinder

Vanquished Creatures
  3 gnolls (D:2)
  An adder (D:2)
  3 dart slugs
  2 leopard geckos
  6 bats
  3 giant cockroaches
  3 goblins
  7 hobgoblins
  2 jackals (D:1)
  8 kobolds
  A quokka (D:2)
  A ball python (D:2)
  3 frilled lizards (D:1)
  A leopard gecko skeleton (D:2)
  9 rats
53 creatures vanquished.

Table legend: (Time is in decaauts)
 A = Elapsed time spent in this place.
 B = Non-inter-level travel time spent in this place.
 C = Inter-level travel time spent in this place.
 D = Time resting spent in this place.
 E = Time spent auto-exploring this place.
 F = Levels seen in this place.
 G = Mean time per level.
                   A        B        C        D        E       F      G
               +--------+--------+--------+--------+--------+-----+--------+
         Total |   2519 |   2434 |     85 |      0 |   2111 |   3 |  839.7 |
       Dungeon |   2519 |   2434 |     85 |      0 |   2111 |   3 |  839.7 |
               +--------+--------+--------+--------+--------+-----+--------+

Top non-repeatable levels by time:
     D:2: 1422 daAuts
     D:1: 1091 daAuts
     D:3: 4 daAuts

Table legend:
 A = Non-vault XP
 B = Vault XP
 C = Vault XP percentage of total XP
 D = Non-vault monster count
 E = Vault monster count
 F = Vault count percentage of total count
                 A         B        C        D         E       F
            +---------+---------+-------+---------+---------+-------
      Total |     137 |       6 |   4.2 |      49 |       4 |   7.5
            +---------+---------+-------+---------+---------+-------
        D:1 |      44 |       2 |   4.3 |      26 |       2 |   7.1
        D:2 |      93 |       4 |   4.1 |      23 |       2 |   8.0
            +---------+---------+-------+---------+---------+-------
